 Dungeon Crawl Stone Soup version 0.18.1-2-ga659475 (webtiles) character file.

345366 Ijustatesigmund the Executioner (level 21, -8/216 HPs)
             Began as a Minotaur Fighter on May 7, 2016.
             Was the Champion of Cheibriados.
             Killed from afar by Boris (72 damage)
             ... with an iron shot
             ... on level 5 of the Vaults on May 8, 2016.
             The game lasted 02:22:35 (35315 turns).

Ijustatesigmund the Executioner (Minotaur Fighter) Turns: 35315, Time: 02:22:36

Health: -8/216     AC: 27    Str: 36    XL:     21   Next: 47%
Magic:  39/39      EV: 30    Int: 21    God:    Cheibriados [******]
Gold:   2582       SH: 18    Dex: 34    Spells: 5 memorised, 9 levels left

rFire  . . .     SeeInvis .     a - +5 war axe
rCold  . . .     Gourm    .     I - +3 scale mail of Kleptomania {MR++ MP+9}
rNeg   . . .     Faith    .     T - +2 shield
rPois  +         Spirit   .     d - +2 hat
rElec  .         Dismiss  .     B - +2 cloak {+Inv}
rCorr  .         Reflect  .     y - +1 pair of gloves
SustAt .         Harm     .     b - +2 pair of boots
MR     +++..                    X - amulet of Vitality {Regen+ HP+15}
Stlth  +.........               K - +3 ring of protection
                                m - ring of poison resistance

@: very slow, extremely resistant to hostile enchantments, very unstealthy
A: retaliatory headbutt, horns 2
a: Bend Time, Temporal Distortion, Slouch, Step From Time, Renounce Religion,
Evoke Invisibility
}: 1/15 runes: serpentine


You were on level 5 of the Vaults.
You worshipped Cheibriados.
Cheibriados was exalted by your worship.
You were hungry.

You visited 6 branches of the dungeon, and saw 35 of its levels.
You also visited: Sewer, Ice Cave and Wizlab.

You collected 4452 gold pieces.
You spent 1870 gold pieces at shops.

Inventory:

Hand Weapons
 a - a +5 war axe (weapon)
 N - a +1 war axe of flaming
 U - a +1 vampiric war axe
Missiles
 o - 15 tomahawks of dispersal (quivered)
Armour
 b - a +2 pair of boots (worn)
 d - a +2 hat (worn)
 y - a +1 pair of gloves (worn)
 B - a +2 cloak of invisibility (worn)
 I - the +3 scale mail of Kleptomania (worn) {MR++ MP+9}
   (You bought it in a shop on level 2 of the Orcish Mines)

   It affects your resistance to hostile enchantments.
   It affects your magic capacity (+9).
 T - a +2 shield (worn)
Jewellery
 m - a ring of poison resistance (left hand)
 q - a +5 ring of dexterity
 A - an uncursed amulet of guardian spirit {unknown}
 K - a +3 ring of protection (right hand)
 M - an uncursed ring of flight
 P - an uncursed ring of protection from cold
 R - an uncursed ring of protection from fire
 X - the amulet of Vitality (around neck) {Regen+ HP+15}
   (You found it in an ice cave)

   [amulet of regeneration]

   It affects your health (+15).
   It increases your rate of regeneration.
Wands
 k - a wand of lightning (12/15)
 J - a wand of lightning (10/15)
 Q - a wand of iceblast (5/15)
 Z - a wand of teleportation (8/9)
Scrolls
 e - 8 scrolls of immolation
 i - 2 scrolls of identify
 r - 5 scrolls of fear
 s - 8 scrolls of remove curse
 t - 2 scrolls of amnesia
 v - a scroll of teleportation
 x - 3 scrolls of recharging
 C - a scroll of magic mapping
 F - a scroll of summoning
 G - 5 scrolls of fog
 O - 2 scrolls of silence
 S - 3 scrolls of blinking
 V - 2 scrolls of holy word
Potions
 c - 6 potions of magic
 g - 7 potions of flight
 j - 15 potions of curing
 l - a potion of cancellation
 n - 4 potions of mutation
 p - 7 potions of brilliance
 u - 6 potions of heal wounds
 z - a potion of resistance
 E - a potion of invisibility
 H - a potion of agility
Miscellaneous
 D - a disc of storms
 L - a phantom mirror
Comestibles
 f - 25 bread rations
 h - 13 meat rations
 w - 5 beef jerkies
 Y - a royal jelly


   Skills:
 + Level 20.1 Fighting
 + Level 22.2 Axes
 - Level 13.2 Throwing
 + Level 14.1 Armour
 + Level 15.5 Dodging
 + Level 12.1 Shields
 - Level 3.3 Spellcasting
 - Level 9.0 Translocations
 - Level 13.7 Invocations
 - Level 9.0 Evocations


You had 9 spell levels left.
You knew the following spells:

 Your Spells              Type           Power        Failure   Level  Hunger
a - Blink                 Tloc           N/A          1%          2    ##.....
b - Apportation           Tloc           #####.....   1%          1    None
c - Portal Projectile     Tloc           #####.       2%          3    ###....
d - Teleport Other        Tloc           #####...     2%          3    ###....
e - Controlled Blink      Tloc           N/A          100%        8    #######


Dungeon Overview and Level Annotations

Branches:
Dungeon (15/15)            Temple (1/1) D:4            Lair (8/8) D:11
 Shoals (0/4) Lair:5        Snake (4/4) Lair:4        Slime (0/6) Lair:6
    Orc (2/2) D:12            Elf (0/3) Orc:2        Vaults (5/5) D:14
  Crypt (0/3) Vaults:2     Depths (0/5) D:15

Altars:
Ashenzari
Cheibriados
Elyvilon
Gozag
Makhleb
Okawaru
Qazlal
Sif Muna
Vehumet
Zin
The Shining One
Jiyva

Shops:
D:5 :   D:13 *   D:15 %%   Orc:2 (:[*   Snake:3 (   Vaults:1 (   Vaults:3 *

Portals:
Hell: Lair:8
Trove: D:10 (give wand of heal wounds (9))

Annotations:
D:11 exclusion: orange crystal statue
D:14 exclusion: Roxanne, Roxanne
Vaults:5 Boris


Innate Abilities, Weirdness & Mutations

You reflexively headbutt those who attack you in melee.
You have a pair of horns on your head.


Message History

The iron shot hits you!
You hit the white ugly thing. You headbutt the white ugly thing.
You kill the white ugly thing!
Cheibriados thoroughly appreciates the change of pace.
You miss something. Something hits you!
* * * LOW HITPOINT WARNING * * *
You block something's attack.
You closely miss something. You miss something.
Something conjures a glowing orb.
You block the orb of destruction.
You slash something! Something hits you.
* * * LOW HITPOINT WARNING * * *
Something touches you but does no damage.
You closely miss something. You hit something but do no damage.
Your headbutt misses something.
You hear some strange, mumbled words.
An iron shot appears from out of thin air!
The iron shot hits you!
You die...

....#....#......
........#
##..#....#......
......... #.
#....#......
########.... #
#....#.....####...
####. #....#
...##...... ##
##..... # #.... ##{)#
#.@# #..# . #..#..##
#. #..##..### ##..
#..#....#########....
#..##...............#
#...##.............##
#...####)....).####.
##....).##....[##....


There were no monsters in sight!

Vanquished Creatures
  An ancient lich (Vaults:5)
  Mara (Vaults:4)
  A tentacled monstrosity (Vaults:5)
  Rupert (Lair:4)
  2 liches
  A tentacled starspawn (WizLab)
  5 tengu reavers
  3 sphinxes
  A shadow dragon (Vaults:5)
  A storm dragon (Vaults:4)
  Wiglaf (Vaults:5)
  2 azure jellies (Lair:6)
  12 greater nagas
  3 fire giants
  4 orc warlords
  Maud (D:11)
  Aizul (Snake:3)
  12 vault wardens
  The ghost of Raurakos the Bludgeoner, a journeyman MiHu of Okawaru (Lair:8)
  4 frost giants
  A war gargoyle (Vaults:5)
  17 very ugly things
  14 ironheart preservers
  A vampire knight (Vaults:2)
  4 stone giants
  2 deep elf demonologists
  Azrael (D:14)
  2 salamander stormcallers (Vaults:5)
  3 ettins
  A crystal guardian (Vaults:3)
  Josephine (D:12)
  A deep elf high priest (Vaults:5)
  12 yaktaur captains
  3 fire dragons
  2 great orbs of eyes
  36 vault guards
  The ghost of Anouleth the Spear-Bearer, a journeyman MiBe of Trog (D:10)
  A ghost crab (shapeshifter) (Vaults:2)
  Harold (Lair:4)
  A hell beast (Lair:8)
  14 hydras
  5 centaur warriors
  A catoblepas (Lair:6)
  Erica (D:11)
  9 anacondas
  18 naga warriors
  A deep troll shaman (Vaults:1)
  3 tengu warriors
  2 dancing weapons (Vaults:5)
  3 orc high priests (Orc:2)
  9 ogre magi
  7 death yaks
  3 death knights
  3 deep troll earth magi
  2 thrashing horrors (WizLab)
  Urug (D:10)
  18 naga sharpshooters
  6 shock serpents (Snake:4)
  9 deep elf knights
  Sonja (D:13)
  Nergalle (Lair:4)
  A shadow wraith (Vaults:4)
  A hell knight (Vaults:3)
  4 salamander mystics
  15 deep trolls
  2 unseen horrors
  A sea snake (shapeshifter) (Vaults:4)
  A flayed ghost (Vaults:5)
  7 hill giants
  A giant orange brain (Vaults:1)
  11 naga ritualists
  2 deep elf archers (Vaults:2)
  A phantasmal warrior (Vaults:5)
  Pikel (D:4)
  3 harpies (Vaults:4)
  5 wizards
  10 orc knights
  3 wolf spiders
  The ghost of Raurakos the Basher, a novice MiHu of Okawaru (D:6)
  3 necromancers
  12 ironbrand convokers
  An oklob plant (Lair:2)
  A glowing shapeshifter (D:14)
  6 griffons
  9 mana vipers
  2 statues (D:15)
  15 deep elf magi
  A manticore (D:12)
  5 orc sorcerers
  3 hornets
  16 ugly things
  An octopode (shapeshifter) (Vaults:4)
  5 cyclopes
  A sphinx skeleton (Vaults:2)
  18 salamanders
  35 black mambas
  Joseph (D:8)
  A fire giant skeleton (Vaults:2)
  15 elephants
  13 guardian serpents
  A siren (Lair:5)
  A frost giant skeleton (Vaults:2)
  19 naga magi
  A torpor snail (Lair:4)
  3 centaur zombies
  16 vault sentinels
  An ice statue (IceCv)
  3 orange demons (Lair:8)
  2 demonspawn skeletons (WizLab)
  A salamander skeleton (WizLab)
  12 spiny frogs
  7 komodo dragons
  6 rime drakes
  A kobold demonologist (D:12)
  4 freezing wraiths
  2 efreet
  40 yaktaurs
  5 ice devils (Lair:8)
  A hellwing (Lair:8)
  A troll (shapeshifter) (D:14)
  A queen bee (shapeshifter) (Vaults:3)
  A tengu conjurer (D:15)
  A jumping spider (shapeshifter) (Vaults:3)
  A giant leech (shapeshifter) (Vaults:1)
  3 merfolk (Lair:5)
  13 two-headed ogres
  4 trolls
  19 polar bears
  2 human simulacra
  21 slime creatures
  23 blink frogs
  A blink frog (shapeshifter) (Vaults:5)
  The ghost of oplop the Changer, an amateur OpTm (D:3)
  5 boulder beetles
  A spriggan skeleton (WizLab)
  A frost giant simulacrum (Vaults:3)
  A shadow (D:15)
  Sigmund (D:3)
  A ynoxinul (WizLab)
  3 vampires (Vaults:2)
  A redback (Vaults:1)
  5 basilisks
  A tarantella (shapeshifter) (D:14)
  3 wyverns (D:9)
  3 wraiths (D:12)
  64 yaks
  A fire elemental (D:14)
  Eustachio (D:6)
  Edmund (D:6)
  A hungry ghost (D:15)
  Menkaure (D:5)
  2 insubstantial wisps (WizLab)
  5 hippogriffs
  14 vampire mosquitoes
  8 wargs
  5 mottled dragons
  74 nagas
  5 spatial vortices (WizLab)
  4 hell hounds
  23 water moccasins
  A deep troll skeleton (WizLab)
  A soldier ant (shapeshifter) (Vaults:5)
  An ogre skeleton (Vaults:1)
  52 orc warriors
  Duvessa (D:6)
  8 porcupines
  3 sky beasts
  A slave (D:4)
  14 ice beasts
  2 phantoms
  A black bear (Lair:2)
  A wasp (D:14)
  A necrophage (D:6)
  An ettin simulacrum (Vaults:3)
  31 ogres
  21 wolves
  6 boggarts
  19 crocodiles
  13 centaurs
  3 human skeletons (Vaults:2)
  5 big kobolds
  Blork the orc (D:4)
  3 human zombies
  20 giant frogs
  4 gnoll sergeants
  Dowan (D:6)
  3 scorpions
  14 killer bees (D:8)
  A water moccasin skeleton (D:11)
  15 wights
  8 electric eels
  7 howler monkeys
  4 crimson imps
  5 giant frog zombies
  34 orc priests
  A quasit (D:13)
  7 starcursed masses (WizLab)
  5 giant frog skeletons
  5 hounds
  5 jellies
  Crazy Yiuf (D:6)
  34 orc wizards
  5 centaur skeletons
  Natasha (thrice) (D:4)
  5 iguanas
  9 worker ants
  20 sheep
  A killer bee zombie (D:9)
  2 hound zombies
  3 worker ant zombies
  14 gnolls
  17 adders
  66 river rats
  4 shadow imps
  A white imp (D:6)
  An ufetubus (WizLab)
  An ooze (D:2)
  An ooze (shapeshifter) (Vaults:5)
  An adder zombie (D:5)
  2 adder skeletons
  A worm (D:2)
  A dart slug (D:1)
  112 orcs
  7 giant cockroaches
  7 goblins
  6 hobgoblins
  2 jackals (D:11)
  24 kobolds
  7 quokkas
  6 ball pythons
  17 bats
  A giant gecko skeleton (D:6)
  7 giant newts
  3 goblin skeletons (D:6)
  A goblin zombie (D:6)
  2 hobgoblin zombies (D:6)
  2 jackal skeletons
  4 kobold zombies (D:6)
  An orc skeleton (D:6)
  A quokka skeleton (D:4)
  18 rats
  2 bushes (D:15)
  7 fungi
  4 plants
1730 creatures vanquished.

Vanquished Creatures (others)
  A deep elf death mage (Vaults:5)
  A vault guard (Vaults:5)
  A deep elf knight (Vaults:5)
  A deep elf mage (Vaults:5)
  A vault sentinel (Vaults:1)
  A slave (D:4)
  An ogre (Vaults:1)
  A boggart (Vaults:1)
  3 orcs
  A bush (Lair:8)
  2557 eldritch tentacle segments (WizLab)
  28 fungi
  17 plants
  2 starspawn tentacles (WizLab)
2616 creatures vanquished.

Grand Total: 4346 creatures vanquished

Notes
Turn   | Place    | Note
--------------------------------------------------------------
     0 | D:1      | Ijustatesigmund the Minotaur Fighter began the quest for the Orb.
     0 | D:1      | Reached XP level 1. HP: 19/19 MP: 0/0
   139 | D:1      | Reached XP level 2. HP: 27/27 MP: 1/1
   390 | D:1      | Reached skill level 3 in Axes
   563 | D:2      | Reached XP level 3. HP: 34/34 MP: 2/2
   641 | D:2      | Found an opulent altar of Gozag.
   884 | D:2      | Reached skill level 4 in Axes
  1033 | D:3      | Noticed a scorpion
  1040 | D:3      | Reached XP level 4. HP: 41/41 MP: 3/3
  1042 | D:3      | Reached skill level 5 in Fighting
  1401 | D:3      | Reached XP level 5. HP: 34/48 MP: 4/4
  1425 | D:3      | Noticed Sigmund
  1448 | D:3      | Killed Sigmund
  1448 | D:3      | Reached skill level 5 in Axes
  1448 | D:3      | Reached XP level 6. HP: 22/58 MP: 5/5
  1733 | D:3      | Noticed oplop's ghost (amateur OpTm)
  1738 | D:3      | Killed oplop's ghost
  1738 | D:3      | Reached skill level 6 in Axes
  1767 | D:3      | Found a faded altar to an unknown god.
  1985 | D:4      | Reached XP level 7. HP: 64/64 MP: 6/6
  1989 | D:4      | Noticed Natasha
  1995 | D:4      | Killed Natasha
  2029 | D:4      | Noticed Pikel
  2052 | D:4      | Killed Pikel
  2052 | D:4      | Reached skill level 7 in Axes
  2052 | D:4      | Reached XP level 8. HP: 33/71 MP: 7/7
  2275 | D:4      | Noticed Blork the orc
  2329 | D:4      | Killed Blork the orc
  2329 | D:4      | Reached skill level 8 in Axes
  2436 | D:4      | Noticed Natasha
  2455 | D:4      | Killed Natasha
  2468 | D:4      | Noticed Natasha
  2485 | D:4      | Killed Natasha
  2632 | D:4      | Found a staircase to the Ecumenical Temple.
  2637 | Temple   | Entered the Ecumenical Temple
  2646 | Temple   | Became a worshipper of Cheibriados the Contemplative
  3040 | D:5      | Entered Level 5 of the Dungeon
  3045 | D:5      | Found a glowing drain.
  3204 | D:5      | Reached skill level 9 in Axes
  3210 | Sewer    | Entered a sewer
  3357 | Sewer    | Reached * piety under Cheibriados
  3760 | D:5      | Found Ikhlesye's Book Boutique.
  3823 | D:5      | Reached skill level 1 in Invocations
  3948 | D:5      | Noticed Menkaure
  3958 | D:5      | Killed Menkaure
  4297 | D:5      | Reached XP level 9. HP: 79/79 MP: 9/9
  4513 | D:6      | Noticed Raurakos's ghost (novice MiHu)
  4525 | D:6      | Killed Raurakos's ghost
  4656 | D:6      | Noticed Edmund
  4668 | D:6      | Killed Edmund
  4674 | D:6      | Reached ** piety under Cheibriados
  4683 | D:6      | Reached skill level 10 in Axes
  4795 | D:6      | Noticed Dowan
  4796 | D:6      | Noticed Duvessa
  4802 | D:6      | Killed Duvessa
  4809 | D:6      | Killed Dowan
  4945 | D:6      | Noticed Eustachio
  4947 | D:6      | Found a glowing golden altar of the Shining One.
  4952 | D:6      | Reached *** piety under Cheibriados
  4955 | D:6      | Killed Eustachio
  5000 | D:6      | Noticed Crazy Yiuf
  5006 | D:6      | Killed Crazy Yiuf
  5054 | D:6      | Found an iron altar of Okawaru.
  5219 | D:6      | Found a stormy altar of Qazlal.
  5454 | D:7      | Found a deep blue altar of Sif Muna.
  5639 | D:7      | Reached **** piety under Cheibriados
  5639 | D:7      | Reached XP level 10. HP: 78/90 MP: 12/12
  6482 | D:8      | Reached skill level 5 in Invocations
  6523 | D:8      | Noticed Joseph
  6549 | D:8      | Killed Joseph
  6664 | D:8      | Reached ***** piety under Cheibriados
  6921 | D:8      | Found a white marble altar of Elyvilon.
  6921 | D:8      | Found a shattered altar of Ashenzari.
  6921 | D:8      | Found a glowing silver altar of Zin.
  7300 | D:9      | Reached skill level 10 in Armour
  7772 | D:9      | Reached XP level 11. HP: 97/97 MP: 15/15
  7846 | D:10     | Entered Level 10 of the Dungeon
  7862 | D:10     | Noticed Anouleth's ghost (journeyman MiBe)
  7877 | D:10     | Killed Anouleth's ghost
  8089 | D:10     | Got a scorched ivory amulet
  8090 | D:10     | Identified the amulet "Dudeese" {RegenMP Int+4 Dex+4} (You found it on level 10 of the Dungeon)
  8119 | D:10     | Noticed a hill giant
  8127 | D:10     | Killed a hill giant
  8127 | D:10     | Reached skill level 1 in Dodging
  8156 | D:10     | Noticed Urug
  8170 | D:10     | Killed Urug
  8170 | D:10     | Reached skill level 11 in Axes
  8266 | D:10     | Noticed a vault guard
  8278 | D:10     | Killed a vault guard
  8283 | D:10     | Found a portal to a secret trove of treasure.
  8426 | D:10     | Reached ****** piety under Cheibriados
  8511 | D:11     | Identified a scroll of acquirement
  8549 | D:11     | Noticed Erica
  8559 | D:11     | Killed Erica
  8559 | D:11     | Reached skill level 10 in Fighting
  8574 | D:11     | Got a translucent jade amulet
  8576 | D:11     | Identified the amulet of Wonder {RegenMP Str-4 Dex+5 SInv} (You found it on level 11 of the Dungeon)
  8634 | D:11     | Reached skill level 12 in Axes
  8639 | D:11     | Noticed an orange crystal statue
  8725 | D:11     | Noticed Maud
  8734 | D:11     | Killed Maud
  8734 | D:11     | Reached skill level 5 in Dodging
  8767 | D:11     | Found a staircase to the Lair.
  8813 | D:11     | Got a bloodstained hand crossbow
  8814 | D:11     | Identified the +1 hand crossbow of Defenestration {venom, +Blink Stlth+} (You found it on level 11 of the Dungeon)
  8866 | D:11     | Noticed a white ugly thing
  8875 | D:11     | Killed a white ugly thing
  8969 | D:12     | Found a frozen archway.
  8975 | D:12     | Reached XP level 12. HP: 108/108 MP: 17/17
  8978 | D:12     | Reached skill level 13 in Axes
  9002 | IceCv    | Entered an ice cave
  9086 | IceCv    | Reached skill level 14 in Axes
  9210 | IceCv    | Reached skill level 15 in Axes
  9544 | IceCv    | Noticed a death yak
  9544 | IceCv    | Noticed a death yak
  9557 | IceCv    | Killed a death yak
  9566 | IceCv    | Killed a death yak
  9566 | IceCv    | Reached skill level 16 in Axes
  9777 | IceCv    | Noticed a frost giant
  9786 | IceCv    | Killed a frost giant
  9946 | IceCv    | Identified the Handbook of Battle Magic and the Glacier (You found it in an ice cave)
 10094 | D:12     | Reached skill level 17 in Axes
 10094 | D:12     | Reached XP level 13. HP: 122/122 MP: 18/18
 10243 | D:12     | Noticed Josephine
 10253 | D:12     | Killed Josephine
 10494 | D:12     | Found a staircase to the Orcish Mines.
 10677 | D:12     | Reached skill level 18 in Axes
 11035 | D:13     | Found Acumneah's Assorted Antiques.
 11051 | D:13     | Noticed Sonja
 11051 | D:13     | Bought a diamond ring for 195 gold pieces
 11051 | D:13     | Bought a glass ring for 195 gold pieces
 11058 | D:13     | Killed Sonja
 11390 | D:13     | Reached skill level 15 in Fighting
 11490 | D:13     | Noticed an ettin
 11529 | D:13     | Killed an ettin
 11850 | D:14     | Noticed Roxanne
 12062 | D:14     | Found a gate to the Vaults.
 12201 | D:14     | Noticed Azrael
 12206 | D:14     | Killed Azrael
 12920 | Lair:1   | Entered Level 1 of the Lair of Beasts
 13391 | Lair:1   | Reached XP level 14. HP: 135/135 MP: 19/19
 13828 | Lair:2   | Got a fine robe
 14725 | Lair:3   | Reached skill level 10 in Invocations
 14976 | Lair:3   | Identified the +2 robe "Boil" {MR- Str+2 Int+6} (You found it on level 2 of the Lair of Beasts)
 15351 | Lair:4   | Found a staircase to the Snake Pit.
 15429 | Lair:4   | Noticed Nergalle
 15433 | Lair:4   | Killed Nergalle
 15476 | Lair:4   | Noticed Harold
 15493 | Lair:4   | Killed Harold
 15643 | Lair:4   | Noticed Rupert
 15656 | Lair:4   | Killed Rupert
 15656 | Lair:4   | Reached skill level 19 in Axes
 15667 | Lair:4   | Gained mutation: Armour fits poorly on your strangely shaped body. [potion of mutation]
 15667 | Lair:4   | Gained mutation: Your flesh is heat resistant. [potion of mutation]
 15668 | Lair:4   | Lost mutation: Armour fits poorly on your strangely shaped body. [potion of cure mutation]
 15668 | Lair:4   | Lost mutation: Your flesh is heat resistant. [potion of cure mutation]
 15795 | Lair:5   | Found a staircase to the Shoals.
 15888 | Lair:5   | Reached skill level 1 in Evocations
 16494 | Lair:5   | Reached skill level 5 in Evocations
 17157 | Lair:6   | Reached XP level 15. HP: 144/144 MP: 21/21
 17184 | Lair:6   | Found a runed door.
 17184 | Lair:6   | Found a viscous altar of Jiyva.
 17184 | Lair:6   | Noticed an azure jelly
 17185 | Lair:6   | Noticed an azure jelly
 17186 | Lair:6   | Found a staircase to the Slime Pits.
 17195 | Lair:6   | Killed an azure jelly
 17201 | Lair:6   | Killed an azure jelly
 18152 | Lair:8   | Entered Level 8 of the Lair of Beasts
 18327 | Lair:8   | Noticed Raurakos's ghost (journeyman MiHu)
 18339 | Lair:8   | Killed Raurakos's ghost
 18820 | Lair:8   | Found a burning altar of Makhleb.
 18832 | Lair:8   | Found a gateway to Hell.
 19231 | Lair:7   | Reached skill level 10 in Dodging
 19457 | Orc:1    | Entered Level 1 of the Orcish Mines
 19468 | Orc:1    | Noticed an orc warlord
 19484 | Orc:1    | Killed an orc warlord
 19850 | Orc:1    | Noticed an orc warlord
 19859 | Orc:1    | Killed an orc warlord
 20081 | Orc:2    | Entered Level 2 of the Orcish Mines
 20254 | Orc:2    | Noticed an orc warlord
 20315 | Orc:2    | Reached XP level 16. HP: 128/151 MP: 22/22
 20587 | Orc:2    | Found a staircase to the Elven Halls.
 20652 | Orc:2    | Reached skill level 15 in Dodging
 20893 | Orc:2    | Found Fudumet's Antique Armour Shop.
 20894 | Orc:2    | Found Uteikeot's Antique Weapon Boutique.
 20895 | Orc:2    | Found Ekoazosk's General Store.
 20895 | Orc:2    | Found Peadajog's Book Shop.
 20899 | Orc:2    | Bought a scroll of identify for 28 gold pieces
 20899 | Orc:2    | Bought a potion of agility for 56 gold pieces
 20900 | Orc:2    | Bought a book of Spatial Translocations for 910 gold pieces
 20903 | Orc:2    | Learned a level 2 spell: Blink
 20912 | Orc:2    | Bought a bronze scale mail for 243 gold pieces
 20912 | Orc:2    | Bought a jewelled ring mail for 243 gold pieces
 20923 | Orc:2    | Identified the +3 scale mail of Kleptomania {MR++ MP+9} (You bought it in a shop on level 2 of the Orcish Mines)
 20934 | Orc:2    | Identified the +2 ring mail of Vehumet's Generosity {rPois} (You bought it in a shop on level 2 of the Orcish Mines)
 21144 | D:15     | Entered Level 15 of the Dungeon
 21154 | D:15     | Found Laje's Food Shoppe.
 21165 | D:15     | Found Utul's Food Shoppe.
 21180 | D:15     | Reached skill level 1 in Translocations
 21192 | D:15     | Found a staircase to the Depths.
 22394 | Lair:1   | Learned a level 1 spell: Apportation
 22532 | Snake:1  | Entered Level 1 of the Snake Pit
 22643 | Snake:1  | Reached skill level 5 in Translocations
 24338 | Snake:3  | Found Cuga's Weapon Boutique.
 24565 | Snake:3  | Reached XP level 17. HP: 158/158 MP: 23/23
 25455 | Snake:4  | Entered Level 4 of the Snake Pit
 25485 | Snake:4  | Reached skill level 10 in Shields
 25489 | Snake:4  | Identified Advanced Steps in Sorcery (You found it on level 4 of the Snake Pit)
 25492 | Snake:4  | Found a radiant altar of Vehumet.
 25494 | Snake:4  | Noticed Aizul
 25514 | Snake:3  | Killed Aizul
 25514 | Snake:3  | Reached skill level 1 in Spellcasting
 26694 | Snake:4  | Reached XP level 18. HP: 113/166 MP: 26/26
 27212 | Snake:4  | Got a serpentine rune of Zot
 27384 | Snake:2  | Upgraded the game from 0.18.1-1-g2f07953 to 0.18.1-2-ga659475
 27577 | Lair:1   | Learned a level 3 spell: Portal Projectile
 27732 | Vaults:1 | Entered Level 1 of the Vaults
 27805 | Vaults:1 | Found a magical portal.
 27824 | Vaults:1 | Found Delevin's Antique Weapon Shop.
 27830 | WizLab   | Entered The Roulette of Golubria
 27832 | WizLab   | Found a corrupted altar of Lugonu.
 27886 | WizLab   | Found a corrupted altar of Lugonu.
 27907 | WizLab   | Reached skill level 1 in Throwing
 27928 | WizLab   | Got a twisted cloak
 27964 | WizLab   | Identified the -3 cloak of Impressiveness {+Fly} (You found it in a wizard's laboratory)
 28684 | Vaults:1 | Reached skill level 5 in Throwing
 29591 | Vaults:2 | Reached skill level 10 in Throwing
 29603 | Vaults:2 | Reached XP level 19. HP: 143/172 MP: 28/28
 29810 | Vaults:2 | Got a transparent robe
 31011 | Vaults:2 | Found a staircase to the Crypt.
 31843 | Vaults:3 | Reached skill level 20 in Axes
 31845 | Vaults:3 | Found Fulology's Assorted Antiques.
 31954 | Vaults:3 | Reached XP level 20. HP: 184/184 MP: 29/29
 32654 | Vaults:4 | Noticed Mara
 32666 | Vaults:4 | Noticed Ijustatesigmund's illusion
 32979 | Vaults:4 | Noticed Ijustatesigmund's illusion
 32991 | Vaults:4 | Killed Mara
 33547 | Vaults:4 | Reached skill level 21 in Axes
 33864 | Vaults:5 | Entered Level 5 of the Vaults
 34559 | Vaults:5 | Noticed an ancient lich
 34576 | Vaults:5 | Killed an ancient lich
 34576 | Vaults:5 | Reached XP level 21. HP: 139/200 MP: 30/30
 34694 | Vaults:5 | Identified the Papyrus of Dislocated Envenoming (You found it on level 5 of the Vaults)
 34701 | Vaults:5 | Learned a level 3 spell: Teleport Other
 34710 | Vaults:5 | Learned a level 8 spell: Controlled Blink
 34733 | Vaults:5 | Reached skill level 22 in Axes
 35019 | Vaults:5 | Identified the +1 robe "Nuopic" {rElec Str+6 Int-2} (You found it on level 2 of the Vaults)
 35267 | Vaults:5 | Noticed Wiglaf
 35273 | Vaults:5 | Noticed Boris
 35282 | Vaults:5 | Killed Wiglaf
 35315 | Vaults:5 | Killed from afar by Boris

Skill      XL: |  1  2  3  4  5  6  7  8  9 10 11 12 13 14 15 16 17 18 19 20 21 |
---------------+----------------------------------------------------------------+-----
Fighting       | 4 5 6 7 8 9 10 13 15 16 17 19 20 | 20.1
Axes           | 3 4 5 6 7 9 10 12 17 18 19 20 21 22 | 22.2
Armour         | 4 6 7 10 11 13 14 | 14.1
Shields        | 4 6 7 8 11 12 | 12.1
Invocations    | 1 4 7 8 9 10 12 13 | 13.7
Dodging        | 6 8 9 13 15 | 15.5
Evocations     | 6 9 |  9.0
Translocations | 8 9 |  9.0
Spellcasting   | 3 |  3.3
Throwing       | 10 13 | 13.2

Action                   |  1- 3 |  4- 6 |  7- 9 | 10-12 | 13-15 | 16-18 | 19-21 || total
-------------------------+-------+-------+-------+-------+-------+-------+-------++-------
Melee: War axe           |   106 |    79 |   365 |   538 |  1093 |  1498 |  1128 ||  4807
       Headbutt          |    15 |     4 |    88 |   222 |   420 |   618 |   463 ||  1830
Throw: Tomahawk          |       |       |       |       |       |       |     1 ||     1
 Cast: Blink             |       |       |       |       |       |     2 |     2 ||     4
Invok: Slouch            |       |       |       |       |     5 |     6 |     5 ||    16
 Abil: Evoke Flight      |       |       |       |       |     1 |       |       ||     1
       Evoke Invisibilit |       |       |       |       |       |     4 |     8 ||    12
Evoke: Wand              |       |       |       |     1 |     7 |     3 |     1 ||    12
  Use: Scroll            |     6 |     3 |    11 |    10 |    17 |    10 |     9 ||    66
       Potion            |       |     3 |     2 |     4 |     9 |     4 |     1 ||    23
 Stab: Sleeping          |       |       |       |     2 |     8 |       |       ||    10
       Distracted        |       |       |       |       |     2 |     1 |       ||     3
       Invisible         |       |       |       |       |       |    16 |    27 ||    43
  Eat: Chunk             |     1 |     2 |     8 |     5 |    10 |     2 |     7 ||    35
       Royal jelly       |       |       |     1 |       |     1 |     1 |     1 ||     4
       Pizza             |       |       |       |     2 |     1 |       |       ||     3
       Fruit             |       |       |       |       |    10 |    13 |     3 ||    26
       Beef jerky        |       |       |       |       |     1 |     6 |     3 ||    10
Armor: Chain mail        |    56 |    44 |   113 |     8 |       |       |       ||   221
       Scale mail        |     1 |       |       |       |       |   236 |   189 ||   426
       Plate armour      |       |       |       |    46 |       |       |       ||    46
       Ring mail         |       |       |       |    89 |   238 |    10 |       ||   337
Dodge: Dodged            |    29 |    18 |    63 |   174 |   581 |  1005 |   619 ||  2489
Block: Shield            |    62 |    37 |   228 |   464 |   849 |  1281 |   807 ||  3728
